 Dungeon Crawl Stone Soup version 0.28-a0-863-g8cecda6153 (webtiles) character file.

Game seed: 12876920738743259000

613 vineage the Skirmisher (level 7, 0/61 HPs)
             Began as a Demonspawn Gladiator on Nov 18, 2021.
             Succumbed to a scorpion's poison
             ... on level 5 of the Dungeon.
             The game lasted 00:05:22 (4078 turns).

vineage the Skirmisher (Demonspawn Gladiator)       Turns: 4078, Time: 00:05:23

Health: 0/61       AC:  9    Str: 15 (17) XL:     7   Next: 20%
Magic:  7/7        EV: 12    Int:  7 (9)  God:
Gold:   181        SH:  6    Dex: 13 (14) Spells: 6/6 levels left

rFire   . . .      SeeInvis .     - Unarmed
rCold   . . .      Faith    .   (no shield)
rNeg    . . .      Spirit   .   b - +1 leather armour
rPois   .          Reflect  .   c - +0 helmet
rElec   .          Harm     .   (no cloak)
rCorr   .          Rampage  .   (no gloves)
Will    .....                   (no boots)
Stlth   +.........              (no amulet)
HPRegen 0.20/turn               p - +4 ring of protection
MPRegen 0.10/turn               (no ring)

@: lethally poisoned (0 -> -6)
A: claws 1, large bone plates 2, powered by death 1
a: no special abilities


You were on level 5 of the Dungeon.
You visited 1 branch of the dungeon, and saw 5 of its levels.

You collected 181 gold pieces.

Inventory:

Hand Weapons
 a - a +0 war axe
 n - a +1 vorpal hand axe
Missiles
 d - 3 throwing nets (quivered)
Armour
 b - a +1 leather armour (worn)
 c - a +0 helmet (worn)
Jewellery
 p - a +4 ring of protection (left claw)
 s - a ring of willpower
Wands
 o - a wand of acid (7)
 t - a wand of mindburst (13)
Scrolls
 e - 2 scrolls of enchant armour
 g - a scroll of blinking {unknown}
 i - a scroll of silence {unknown}
 k - a scroll of immolation {unknown}
 l - a scroll of fear {unknown}
 m - a scroll of holy word {unknown}
 q - a scroll of fog {unknown}
 r - 2 scrolls of noise


   Skills:
 + Level 7.8 Fighting
 - Level 2.6 Axes
 - Level 1.7 Throwing
 - Level 2.6 Dodging
 * Level 1.3 Unarmed Combat


You had 6 spell levels left.
You didn't know any spells.
Your spell library contained the following spells:

 Spells                   Type           Power      Damage    Failure   Level
 Summon Forest            Summ/Tloc      0%         N/A       100%        5
 Haunt                    Necr/Summ      0%         N/A       100%        7
 Malign Gateway           Summ/Tloc      0%         N/A       100%        7
 Summon Horrible Things   Summ           0%         N/A       100%        8


Dungeon Overview and Level Annotations

Branches:
Dungeon (5/15)
 Temple: D:4-7

Altars:
Ashenzari
Cheibriados
Yredelemnul
The Shining One

Shops:
D:2 [


Innate Abilities, Weirdness & Mutations

You have sharp fingernails.
You are mostly covered in large bone plates. (SH +6)
You regenerate a little health from kills.


Message History

The scorpion stings you but does no damage.
You scratch the scorpion.
The scorpion is lightly wounded.
You feel sick. The scorpion barely misses you. You block the scorpion's attack.
You closely miss the scorpion.
The scorpion is lightly wounded.
You feel sick. The scorpion stings you.
* * * LOW HITPOINT WARNING * * *
You scratch the scorpion but do no damage.
The scorpion is lightly wounded.
You feel sick. The scorpion closely misses you.
You scratch the scorpion.
The scorpion is moderately wounded.
You feel sick. You block the scorpion's attack.
You barely miss the scorpion.
The scorpion is moderately wounded.
You feel sick. The scorpion stings you.
* * * LOW HITPOINT WARNING * * *
It was a potion of cancellation.
You feel magically purged.
You feel sick. You block the scorpion's attack.
It was a potion of degeneration.
There was something very wrong with that liquid.
You feel weakened.
You feel dopey.
You feel clumsy.
You feel sick. The scorpion stings you.
* * * LOW HITPOINT WARNING * * *
You are lethally poisoned!
The scorpion poisons you! The scorpion barely misses you.
It was a potion of magic.
Magic courses through your body.
* * * LOW HITPOINT WARNING * * *
You feel very sick. The scorpion misses you.
You aren't carrying any potions.
You scratch the scorpion.
The scorpion is heavily wounded.
* * * LOW HITPOINT WARNING * * *
You feel sick. The scorpion stings you.
* * * LOW HITPOINT WARNING * * *
You closely miss the scorpion.
The scorpion is heavily wounded.
You die...

............# #...........#
............# ##..###.......
#......#...# #..## ##......
............####..# #...##..
...#..#...c......##
##..##### #............c...#
##.P.PP...
##.......##....####....P...≈
###########s.####........≈≈
###@..###....PPP.≈≈≈
................#P..≈≈≈≈
................#...≈≈≈≈
###............##..≈≈≈≈≈
###############.≈≈(≈≈≈
#.....≈≈ #.P.P..≈ #...PP.≈ #
#†......


You could see a centaur and a scorpion.

Vanquished Creatures
  A black bear (D:5)
  An ice beast (D:5)
  A phantom (D:4)
  A gnoll shaman (D:4)
  2 iguanas (D:4)
  2 orc wizards (D:5)
  A hound zombie (D:5)
  3 gnolls (D:4)
  11 adders
  An adder skeleton (D:4)
  A worm (D:3)
  5 orcs
  A ball python (D:1)
  5 bats
  6 endoplasms
  3 giant cockroaches
  7 goblins
  6 hobgoblins
  9 jackals
  10 kobolds
  4 quokkas
  A frilled lizard (D:2)
  2 rats
84 creatures vanquished.

Vanquished Creatures (others)
  10 plants
10 creatures vanquished.

Grand Total: 94 creatures vanquished

Notes
Turn   | Place    | Note
-------+----------+-------------------------------------------
     0 | D:1      | vineage the Demonspawn Gladiator began the quest for the
                  | Orb.
     0 | D:1      | Reached XP level 1. HP: 16/16 MP: 1/1
    48 | D:1      | Got Luodu's Disquisition on the Escort
   149 | D:1      | Found a faded altar of an unknown god.
   155 | D:1      | Gained mutation: You regenerate a little health from kills.
                  | [demonic ancestry]
   155 | D:1      | Reached XP level 2. HP: 21/23 MP: 2/2
   208 | D:1      | Reached skill level 3 in Fighting
   635 | D:2      | Found Zummuxeh's Armour Shoppe.
   663 | D:2      | Gained mutation: You are partially covered in large bone
                  | plates. (SH +4) [demonic ancestry]
   663 | D:2      | Reached XP level 3. HP: 29/29 MP: 3/3
  1135 | D:3      | Reached skill level 4 in Fighting
  1419 | D:3      | Gained mutation: You are mostly covered in large bone
                  | plates. (SH +6) [demonic ancestry]
  1419 | D:3      | Reached XP level 4. HP: 19/38 MP: 4/4
  1771 | D:3      | Reached skill level 5 in Fighting
  1963 | D:4      | Reached XP level 5. HP: 43/44 MP: 5/5
  2024 | D:4      | Noticed a phantom
  2049 | D:4      | Killed a phantom
  2050 | D:4      | Reached skill level 6 in Fighting
  2110 | D:4      | Found a basalt altar of Yredelemnul.
  2424 | D:4      | Reached XP level 6. HP: 53/53 MP: 6/6
  2511 | D:4      | Found a snail-covered altar of Cheibriados.
  2522 | D:4      | Found a broken altar of Ashenzari.
  3201 | D:5      | Entered Level 5 of the Dungeon
  3291 | D:5      | Reached skill level 7 in Fighting
  3683 | D:5      | Gained mutation: You have sharp fingernails. [demonic
                  | ancestry]
  3683 | D:5      | Reached XP level 7. HP: 37/61 MP: 7/7
  3881 | D:5      | Reached skill level 1 in Unarmed Combat
  4077 | D:5      | HP: 1/61 [scorpion (3)]
  4078 | D:5      | Succumbed to a scorpion's poison

Illustrated notes

Levels and vault maps discovered:
D:1:      minmay_arrival_jagged, layout_basic, basic_ecumenical_altar
D:2:      layout_rooms, serial_shops, nicolae_shop_waterfront,
          minmay_misc_feat_hallway
D:3:      minmay_chambers_of_threes, layout_loops_cross, lemuel_round_altar
D:4:      layout_loops_corners, marbit_many_paths, tso_metal_star,
          amethyst_overflow_temple_binary, serial_forest,
          infiniplex_forest_clump_long, infiniplex_forest_end_2,
          infiniplex_forest_lined_2, infiniplex_forest_zigzag_1,
          infiniplex_forest_straight_5, infiniplex_forest_clump_cross,
          infiniplex_forest_clump_C
D:5:      layout_layer_cave, minmay_temple_entry_statues_fountains,
          minmay_misc_feat_plants, grunt_ministairs_12, guppyfry_early_lair_pool

Skill      XL: |  1  2  3  4  5  6  7 |
---------------+----------------------+-----
Fighting       | 3 4 5 6 7 |  7.8
Unarmed Combat | 1 |  1.3
Axes           | |  2.6
Throwing       | |  1.7
Dodging        | |  2.6

Action                   |  1- 3 |  4- 6 |  7- 9 || total
-------------------------+-------+-------+-------++-------
Melee: War axe           |   107 |    22 |       ||   129
       Hand axe          |       |   178 |       ||   178
       Unarmed           |       |       |    54 ||    54
  Use: Scroll            |     3 |     2 |       ||     5
       Potion            |       |       |     6 ||     6
 Stab: Sleeping          |     1 |       |       ||     1
Armor: Leather armour    |    51 |    67 |    23 ||   141
       Skin              |       |       |     3 ||     3
Dodge: Dodged            |    78 |   107 |    40 ||   225
Block: Other             |     6 |    44 |    15 ||    65

Table legend: (Time is in decaauts)
 A = Elapsed time spent in this place.
 B = Non-inter-level travel time spent in this place.
 C = Inter-level travel time spent in this place.
 D = Time resting spent in this place.
 E = Time spent auto-exploring this place.
 F = Levels seen in this place.
 G = Mean time per level.
                   A        B        C        D        E       F      G
               +--------+--------+--------+--------+--------+-----+--------+
         Total |   4155 |   4062 |     93 |      0 |   3345 |   5 |  831.0 |
       Dungeon |   4155 |   4062 |     93 |      0 |   3345 |   5 |  831.0 |
               +--------+--------+--------+--------+--------+-----+--------+

Top non-repeatable levels by time:
     D:4: 1364 daAuts
     D:5: 888 daAuts
     D:3: 756 daAuts
     D:1: 642 daAuts
     D:2: 503 daAuts
